 Dungeon Crawl Stone Soup version 0.17-a0-1691-g18a3847 (webtiles) character file.

361 Gorice the Conjurer (level 6, -2/63 HPs)
             Began as an Octopode Wanderer on Aug 19, 2015.
             Was an Initiate of Vehumet.
             Slain by Prince Ribbit (6 damage)
             ... on level 5 of the Dungeon on Aug 20, 2015.
             The game lasted 00:22:56 (3914 turns).

Gorice the Conjurer (Octopode Wanderer)             Turns: 3914, Time: 00:22:56

Health: -2/63      AC: 23    Str: 11    XL:     6   Next: 66%
Magic:  8/11       EV:  2    Int: 17    God:    Vehumet [......]
Gold:   147        SH:  0    Dex: 11    Spells: 3 memorised, 5 levels left

rFire  . . .     SeeInvis .     a - +0 short sword (elec)
rCold  . . .     Clarity  .     (no shield)
rNeg   + + +     SustAt   .     (helmet currently unavailable)
rPois  +         Gourm    .     (no amulet)
rElec  .         Spirit   .     (no ring)
rCorr  .         Warding  .     (no ring)
rMut   .         NoTele   +     (no ring)
MR     .....                    (no ring)
Stlth  +++.......               (no ring)
                                (no ring)
                                (no ring)
                                (no ring)

@: tree-form, very slightly contaminated, not resistant to hostile enchantments,
fairly stealthy
A: almost no armour, amphibious, 8 rings, (constrict 8), (camouflage 0),
(gelatinous body 0)
a: Renounce Religion


You were on level 5 of the Dungeon.
You worshipped Vehumet.
Vehumet was noncommittal.
You were very hungry.
You were a tree.
You visited 2 branches of the dungeon, and saw 6 of its levels.

You collected 147 gold pieces.

Inventory:

Hand weapons
 a - a +0 short sword of electrocution (weapon)
   (You took it off a kobold on level 2 of the Dungeon)
 b - a +0 hand crossbow
 j - a +2 dagger of venom
   (You found it on level 4 of the Dungeon)
 p - a +0 dagger
Missiles
 c - 46 bolts
 g - 19 poisoned needles
 h - 8 javelins (quivered)
 v - 4 tomahawks
 Z - 97 stones
Scrolls
 l - a scroll of amnesia
 n - a scroll of noise {unknown}
 o - a scroll of random uselessness
 q - a scroll of blinking {unknown}
 u - a scroll of remove curse
Potions
 i - a potion of agility {unknown}
 r - 2 potions of curing
 w - a potion of brilliance {unknown}
Books
 e - a book of Minor Magic
Comestibles
 f - 2 bread rations {!e}
 m - a royal jelly
 s - 2 meat rations {!e}
 t - a beef jerky
 x - 3 fruits


   Skills:
 - Level 3.0 Fighting
 - Level 2.0 Crossbows
 - Level 2.6 Stealth
 + Level 3.4 Spellcasting
 + Level 3.7 Conjurations
 - Level 3.1 Summonings
 * Level 0.8 Air Magic
 - Level 2.4 Poison Magic


You had 5 spell levels left.
You knew the following spells:

 Your Spells              Type           Power        Failure   Level  Hunger
a - Magic Dart            Conj           ###.         3%          1    None
b - Call Imp              Summ           ##......     10%         2    ##.....
c - Mephitic Cloud        Conj/Pois/Air  ##......     21%         3    ###....


Dungeon Overview and Level Annotations

Branches:
Dungeon (5/15)             Temple (1/1) D:4

Altars:
Ashenzari
Cheibriados
Dithmenos
Elyvilon
Fedhas
Gozag
Kikubaaqudgha
Makhleb
Nemelex Xobeh
Okawaru
Qazlal
Ru
Sif Muna
Vehumet
Xom
Yredelemnul
Zin
The Shining One

Shops:
D:4 %

Annotations:
D:5 Prince Ribbit


Innate Abilities, Weirdness & Mutations

You cannot wear most types of armour.
You are amphibious.
You can wear up to eight rings at the same time.
((You can use your tentacles to constrict eight enemies at once.))
((Your skin changes colour to match your surroundings (Stealth).))
((Your rubbery body absorbs attacks (AC +1).))


Message History

Damage: 4 (max 4)
The worker ant closely misses you.
You hit the worker ant but do no damage.
There is a sudden explosion of sparks!
You grab the worker ant.
The worker ant is almost dead.
You constrict the worker ant, but do no damage.
Prince Ribbit blinks!
The worker ant bites you.
You are poisoned.
The worker ant poisons you! The worker ant bites you!
Damage: 13 (max 13)
You hit the worker ant but do no damage.
You squeeze the worker ant.
You kill the worker ant!
Vehumet accepts your kill.
You feel sick.
The orc seems less confused.
The orc jeers noisily, as Orcs often do.
Damage: 1 (max 13)
You feel sick.
Damage: 1 (max 13) Prince Ribbit hits you!
Damage: 6 (max 13)
You feel sick.
Damage: 1 (max 13) Prince Ribbit hits you!
* * * LOW HITPOINT WARNING * * *
Damage: 12 (max 13)
* * * LOW HITPOINT WARNING * * *
You feel sick. The orc barely misses you.
You see here a falchion.
Damage: 1 (max 13)
The orc hits you with a flail.
* * * LOW HITPOINT WARNING * * *
Prince Ribbit closely misses you.
There is an escape hatch in the ceiling here.
Damage: 2 (max 13) Unknown command.
Drink which item? (? for menu, Esc to quit)
Really quaff
k - a potion of heal wounds {!q}?
You feel much better.
You feel sick. Prince Ribbit hits you!
* * * LOW HITPOINT WARNING * * *
The orc barely misses you.
Drink which item? (? for menu, Esc to quit)
You feel better. Prince Ribbit hits you!
* * * LOW HITPOINT WARNING * * *
The orc completely misses you.
Damage: 1 (max 13) Drink which item? (? for menu, Esc to quit)
Really quaff
d - a potion of lignification {!q}?
You turn into a tree.
Your roots penetrate the ground.
Prince Ribbit hits you.
You die...

##..........#...
..............(
#..........#
###########.....####
.........<.........#
........###........#
#######.# #..##....#
#.# #.###....#
#.###.###)♣..#
#.......(.Fo†#####
#..##.##..###....#
#..##.#(......#.##
#....?.(.(####..#
#....#(. ..##
....##((. ..## ....
....... #.# #.......


You could see Prince Ribbit and an orc.

Vanquished Creatures
  An ogre (D:4)
  A wyvern skeleton (D:4)
  Ijyb (D:2)
  3 worker ants
  Natasha (twice) (D:2)
  2 adders
  2 adder skeletons (D:4)
  3 worms
  3 giant geckos
  7 orcs
  5 bats
  3 giant cockroaches
  5 hobgoblins
  6 jackals
  3 quokkas
  A giant newt (D:2)
  6 goblins
  6 kobolds
  9 rats
69 creatures vanquished.

Notes
Turn   | Place    | Note
--------------------------------------------------------------
     0 | D:1      | Gorice the Octopode Wanderer began the quest for the Orb.
     0 | D:1      | Gorice set off with: a book of Minor Magic, a +0 hand crossbow, 24 bolts, a potion of lignification {!q}, a +0 dagger, a bread ration {!e}
     0 | D:1      | Reached XP level 1. HP: 16/16 MP: 1/1
     3 | D:1      | Noticed an electric eel
     3 | D:1      | Noticed an electric eel
    92 | D:1      | Learned a level 1 spell: Magic Dart
   351 | D:1      | Reached skill level 1 in Spellcasting
   351 | D:1      | Reached XP level 2. HP: 21/21 MP: 3/3
   398 | D:1      | Reached skill level 1 in Conjurations
   796 | D:2      | Reached XP level 3. HP: 21/26 MP: 5/5
   803 | D:2      | Learned a level 2 spell: Call Imp
   935 | D:2      | Reached skill level 2 in Conjurations
   961 | D:2      | Noticed Ijyb
   970 | D:2      | Killed Ijyb
   970 | D:2      | Reached skill level 2 in Spellcasting
   970 | D:2      | Reached XP level 4. HP: 19/31 MP: 5/7
  1141 | D:2      | Noticed Natasha
  1144 | D:2      | Killed Natasha
  1288 | D:2      | HP: 8/31 [jackal (3)]
  1607 | D:2      | Noticed Natasha
  1609 | D:2      | Killed Natasha
  1609 | D:2      | Reached skill level 2 in Summonings
  1705 | D:3      | Found a shattered altar of Ashenzari.
  1763 | D:3      | Reached XP level 5. HP: 30/36 MP: 8/8
  1934 | D:3      | Found a shimmering altar of Xom.
  1934 | D:3      | Found a shadowy altar of Dithmenos.
  2022 | D:3      | Found a glowing golden altar of the Shining One.
  2601 | D:4      | Found Gushasimoo's Food Shoppe.
  2622 | D:4      | Reached skill level 3 in Conjurations
  2748 | D:4      | Found an iron altar of Okawaru.
  2748 | D:4      | Found a white marble altar of Elyvilon.
  2995 | D:4      | Found a staircase to the Ecumenical Temple.
  3036 | D:4      | HP: 6/36 [something/puff of frost (9)]
  3086 | D:3      | Learned a level 3 spell: Mephitic Cloud
  3207 | D:4      | Reached skill level 3 in Spellcasting
  3303 | D:4      | Reached XP level 6. HP: 40/42 MP: 10/10
  3396 | D:4      | Noticed an ogre
  3429 | D:4      | Killed an ogre
  3429 | D:4      | Reached skill level 3 in Summonings
  3659 | Temple   | Entered the Ecumenical Temple
  3804 | Temple   | Became a worshipper of Vehumet
  3836 | D:5      | Entered Level 5 of the Dungeon
  3867 | D:5      | Upgraded the game from 0.17-a0-1685-g57e755e to 0.17-a0-1691-g18a3847
  3896 | D:5      | Noticed Prince Ribbit
  3909 | D:5      | HP: 4/42 [Prince Ribbit (12)]
  3911 | D:5      | HP: 1/42 [orc/flail (2)]
  3914 | D:5      | Slain by Prince Ribbit

Vault maps used:
D:1:      arrival_aquarium_b, grunt_decor_clamped
D:2:      serial_forest, infiniplex_forest_end_3, infiniplex_forest_pool,
          infiniplex_forest_lined_2, infiniplex_forest_clump_large,
          infiniplex_forest_clump_diagonal, infiniplex_forest_straight_5,
          infiniplex_forest_clump_double, infiniplex_forest_corner_2,
          uniq_natasha, uniq_iyjb
D:3:      cheibrodos_ashenzari_chains, tso_altar, gammafunk_temple_overflow_wave
D:4:      gammafunk_temple_overflow_statue, minmay_temple_entry_grid,
          first_bread, serial_shops, shop_statue
D:5:      lemuel_insect_pit, dk_vineyard_1, uniq_prince_ribbit1, uniq_pikel,
          uniq_eustachio
Temple:   eino_narrow_crystal_temple_a_12

Action                   |  1- 3 |  4- 6 || total
-------------------------+-------+-------++-------
Melee: Dagger            |    14 |       ||    14
       Short sword       |     8 |    57 ||    65
 Fire: Hand crossbow     |    45 |    68 ||   113
Throw: Javelin           |       |     2 ||     2
 Cast: Call Imp          |       |     9 ||     9
       Mephitic Cloud    |       |     3 ||     3
  Use: Scroll            |       |     9 ||     9
       Potion            |       |     6 ||     6
 Stab: Sleeping          |       |     6 ||     6
  Eat: Chunk             |       |     9 ||     9

Table legend:
 A = Turns spent in this place as a percentage of turns spent in the entire game.
 B = Non-inter-level travel turns spent in this place as a percentage of non-inter-level travel turns spent in the entire game.
 C = Inter-level travel turns spent in this place as a percentage of turns spent in this place.
 D = Turns resting spent in this place as a percentage of non-inter-level travel turns spent in this place.
 E = Turns spent auto-exploring this place as a percentage of non-inter-level travel turns spent in this place.
 F = Non-inter-level travel turns spent in this place divided by the number of levels of this place that you've seen.
                   A       B       C       D       E      F
               +-------+-------+-------+-------+-------+----------------------
         Total | 100.0 | 100.0 |   0.7 |   1.6 |   6.1 | 230.7
       Dungeon |  98.7 |  98.8 |   0.6 |   1.6 |   5.4 | 273.6
        Temple |   1.3 |   1.2 |  11.1 |   0.0 |  62.5 |  16.0
               +-------+-------+-------+-------+-------+----------------------

Vault maps used:
D:1:      arrival_aquarium_b, grunt_decor_clamped
D:2:      serial_forest, infiniplex_forest_end_3, infiniplex_forest_pool,
          infiniplex_forest_lined_2, infiniplex_forest_clump_large,
          infiniplex_forest_clump_diagonal, infiniplex_forest_straight_5,
          infiniplex_forest_clump_double, infiniplex_forest_corner_2,
          uniq_natasha, uniq_iyjb
D:3:      cheibrodos_ashenzari_chains, tso_altar, gammafunk_temple_overflow_wave
D:4:      gammafunk_temple_overflow_statue, minmay_temple_entry_grid,
          first_bread, serial_shops, shop_statue
D:5:      lemuel_insect_pit, dk_vineyard_1, uniq_prince_ribbit1, uniq_pikel,
          uniq_eustachio
Temple:   eino_narrow_crystal_temple_a_12
